 Seeded DCSS version 0.30-a0-800-g7c544603b3 (webtiles) character file.

Game seed: 8796237800415217726 (custom seed)

1 BigDaddyOpFi the Trooper (level 1, 14/14 HPs)
             Began as a Gargoyle Fighter on Feb 21, 2023.
             Got out of the dungeon alive.
             The game lasted 00:01:03 (104 turns).

BigDaddyOpFi the Trooper (Gargoyle Fighter)          Turns: 104, Time: 00:01:04

Health: 14/14      AC:  9    Str: 19    XL:     1   Next: 20%
Magic:  1/1        EV:  9    Int:  8    God:
Gold:   19         SH:  0    Dex:  9    Spells: 0/0 levels left

rFire   . . .      SeeInvis .    f - +7 lajatang (speed)
rCold   . . .      Faith    .    (shield currently unavailable)
rNeg    + . .      Spirit   .    b - +0 scale mail
rPois   ∞          Reflect  .    (no helmet)
rElec   +          Harm     .    (no cloak)
rCorr   .          Rampage  .    (no gloves)
Will    .....                    (no boots) Stlth
                                 (no amulet)
HPRegen 0.22/turn                (no ring)
MPRegen 0.07/turn                (no ring)

@: no status effects
A: sickness immunity, AC +2, negative energy resistance 1, electricity
resistance, torment resistance 1, petrification resistance
a: no special abilities


You escaped.
You visited 1 branch of the dungeon, and saw 1 of its levels.

You collected 19 gold pieces.

Inventory:

Hand Weapons
 f - a +7 lajatang of speed (weapon)
Armour
 a - the +0 tower shield "Emmuicud" {Str+5}
   (You acquired it on level 1 of the Dungeon)

   Str:       It affects your strength (+5).
 b - a +0 scale mail (worn)
Scrolls
 e - a scroll of acquirement
Potions
 c - a potion of berserk rage {unknown}
 d - a potion of might


   Skills:
 + Level 3.3 Fighting
 + Level 1.8 Short Blades
 + Level 3.3 Armour
 - Level 3.3 Shields


You couldn't memorise any spells.
You didn't know any spells.
Your spell library was empty.

Dungeon Overview and Level Annotations

Branches:
Dungeon (1/15)

Altars:

Shops:
D:1 :


Innate Abilities, Weirdness & Mutations

You are immune to sickness and miasma.
Your stone body is resilient. (AC +2)
You are immune to poison.
You resist negative energy. (rN+)
You are resistant to electric shocks. (rElec)
You are resistant to unholy torment.
You are immune to petrification.


Message History

Found an escape hatch in the floor.
You see here a ball python corpse.
Found 19 gold pieces.
Found Veoliky's Book Emporium.
Found 3 scrolls labelled INYSAVINALE.
A rat comes into view.
You see here 19 gold pieces.
You hit the rat but do no damage. The rat barely misses you.
You hit the rat.
You kill the rat!
Found a grey potion.
You now have 19 gold pieces.
e - 3 scrolls labelled INYSAVINALE This is a scroll of acquirement!
Something appears at your feet!
You see here a +7 lajatang of speed.
f - a +7 lajatang of speed You can't wield that with only one hand.
You start removing your armour.
You continue taking off your +0 buckler. x4
You finish taking off your +0 buckler.
You drop a +0 buckler.
Your hands tingle!
f - a +7 lajatang of speed (weapon)
You drop a +0 rapier.
Something appears at your feet!
a - the +0 tower shield "Emmuicud" {Str+5} You'd need three hands to do that!
Unknown command.
Unknown command.
You see here a ball python corpse.
Found a ruby potion.
c - a purple potion
Found a buckler.
Found a stone staircase leading down.
Found an escape hatch in the floor.
Found 6 stones and a pink potion.
There is a staircase leading out of the dungeon here.
You can't go down here!
Unknown command.
Are you sure you want to leave the Dungeon?
This will make you lose the game!
You have escaped!

.. .# . ......
♣♣♣♣. ....... ♣.
∩∩.♣♣ >[>!... ♣♣∩
..∩♣♣ .......
♣∩..♣♣♣..∩♣
.......
♣∩...@...∩♣
.#!.... #
♣∩..♣♣♣..∩♣♣...(#
#. ♣♣∩.....∩♣♣..#
⌠. ♣♣♣∩.∩♣♣♣♣.>#
#.♣♣♣♣.♣♣♣♣.###
#..♣♣.♣♣..## #.#
## #.......## #.#
.. ###..#..#
#.####.# ##...##
#.#....#


There were no monsters in sight!

Vanquished Creatures
  A ball python (D:1)
  A rat (D:1)
2 creatures vanquished.

Notes
Turn   | Place    | Note
-------+----------+-------------------------------------------
     0 | D:1      | BigDaddyOpFi the Gargoyle Fighter began the quest for the
                  | Orb.
     0 | D:1      | Reached XP level 1. HP: 14/14 MP: 1/1
    31 | D:1      | Found Veoliky's Book Emporium.
    51 | D:1      | Identified 3 scrolls of acquirement
    51 | D:1      | Acquired a +7 lajatang of speed
    63 | D:1      | Acquired the +0 tower shield "Emmuicud" {Str+5}
   104 | D:$      | Got out of the dungeon alive.

Illustrated notes

Levels and vault maps discovered:
D:1:      heliophobic_arrival_henge, layout_rooms, serial_shops, shop_statue

Action                     || total
---------------------------++-------
  Melee: Rapier            ||     3
    Use: Scroll            ||     2
 Armour: Scale mail        ||     1
  Dodge: Dodged            ||     1

Table legend: (Time is in decaauts)
 A = Elapsed time spent in this place.
 B = Non-inter-level travel time spent in this place.
 C = Inter-level travel time spent in this place.
 D = Time resting spent in this place.
 E = Time spent auto-exploring this place.
 F = Levels seen in this place.
 G = Mean time per level.
                   A        B        C        D        E       F      G
               +--------+--------+--------+--------+--------+-----+--------+
         Total |    104 |    104 |      0 |      0 |      0 |   1 |  104.0 |
       Dungeon |    104 |    104 |      0 |      0 |      0 |   1 |  104.0 |
               +--------+--------+--------+--------+--------+-----+--------+

Top non-repeatable levels by time:
     D:1: 104 daAuts
